 Dungeon Crawl Stone Soup version 0.31.0-9-g3a7656b989 (webtiles) character file.

Game seed: 7816847405093908313

13006 Destapler the Fighter (level 11, -5/95 HPs)
             Began as a Demonspawn Shapeshifter on Jan 25, 2024.
             Was a Follower of Wu Jian.
             Slain by a wyvern (14 damage)
             ... on level 10 of the Dungeon.
             The game lasted 00:25:52 (11893 turns).

Destapler the Fighter (Demonspawn Shapeshifter)    Turns: 11893, Time: 00:25:52

Health: -5/95      AC:  4    Str: 19    XL:     11   Next: 69%
Magic:  11/11      EV: 17    Int: 11    God:    Wu Jian [*.....]
Gold:   689        SH:  4    Dex: 12    Spells: 10/10 levels left

rFire   . .          .
                       - Unarmed
rCold   . . .        (no shield)
rNeg    . . .        D - +1 troll leather armour
rPois   .            l - melded +0 helmet
rElec   .            y - melded +0 cloak
rCorr   .            (gloves currently unavailable)
SInv    +            (boots currently unavailable)
Will    .....        (no amulet)
Stlth   +            v - ring of see invisible
HPRegen 1.15/turn    (no ring)
MPRegen 0.12/turn

%: no passive effects
@: agile, lethally poisoned (-5 -> -6), about to teleport, beast-form, slowed,
very slow
A: beast (slay +4), claws 2, large bone plates 1, powered by pain 1, spiny 1
a: Begin Untransformation, Renounce Religion


You were on level 10 of the Dungeon.
You worshipped Wu Jian.
Wu Jian was aware of your devotion.
You were a hulking beast.
You visited 2 branches of the dungeon, and saw 11 of its levels.

You collected 689 gold pieces.

Inventory:

Missiles
 i - 2 atropa-tipped darts
 A - 3 throwing nets
 G - 4 boomerangs
Armour
 f - a +2 robe of cold resistance
 l - a +0 helmet (melded)
 w - a +1 ring mail
 y - a +0 cloak (melded)
 D - a +1 troll leather armour (worn)
Jewellery
 v - a ring of see invisible (left claw)
Talismans
 c - a beast talisman (active)
 d - a flux talisman
Wands
 a - a wand of polymorph (10) (quivered)
Scrolls
 b - a scroll of poison {unknown}
 e - 4 scrolls of fog {unknown}
 j - 2 scrolls of immolation
 k - 5 scrolls of teleportation
 n - 2 scrolls of noise {unknown}
 o - 2 scrolls of amnesia {unknown}
 r - 2 scrolls of fear
 s - a scroll of summoning
 t - 6 scrolls of enchant weapon {unknown}
 F - a scroll of revelation {unknown}
 H - a scroll of blinking {unknown}
 I - a scroll of vulnerability {unknown}
 J - a scroll of identify
Potions
 g - a potion of curing
 h - a potion of might
 m - 2 potions of enlightenment
 p - 2 potions of brilliance
 q - 2 potions of mutation
 u - a potion of degeneration {unknown}
 x - a potion of ambrosia
 z - a potion of resistance {unknown}
 B - a potion of attraction {unknown}
 C - 2 potions of invisibility
 E - a potion of cancellation


   Skills:
 + Level 11.6 Fighting
 - Level 3.0 Throwing
 - Level 3.0 Dodging
 + Level 9.7 Unarmed Combat
 - Level 3.0 Evocations
 + Level 8.7 Shapeshifting


You had 10 spell levels left.
You didn't know any spells.
Your spell library contained the following spells:

 Spells                   Type           Power      Damage    Failure   Level
 Magic Dart               Conj           0%         1d3       38%         1
 Necrotise                Necr           0%         1d4       38%         1
 Shock                    Conj/Air       0%         1d3       38%         1
 Blink                    Tloc           0%         N/A       54%         2
 Lesser Beckoning         Tloc           0%         N/A       54%         2
 Momentum Strike          Conj/Tloc      0%         3d8       54%         2
 Searing Ray              Conj           0%         2d4       54%         2
 Call Canine Familiar     Summ           0%         N/A       77%         3
 Sigil of Binding         Hex            0%         N/A       77%         3
 Swiftness                Air            0%         N/A       77%         3
 Tukima's Dance           Hex            0%         N/A       77%         3
 Vampiric Draining        Necr           0%         2d6       77%         3
 Airstrike                Air            0%         2d(0-16)  99%         4
 Dimensional Bullseye     Hex/Tloc       0%         N/A       99%         4
 Fulminant Prism          Conj/Alch      0%         3d5       99%         4
 Iskenderun's Mystic Bla  Conj/Tloc      0%         2d3       99%         4
 Martyr's Knell           Necr/Summ      0%         N/A       99%         4
 Curse of Agony           Necr           0%         N/A       100%        5
 Summon Forest            Summ/Tloc      0%         N/A       100%        5
 Summon Mana Viper        Hex/Summ       0%         N/A       100%        5
 Summon Cactus Giant      Summ           0%         N/A       100%        6


Dungeon Overview and Level Annotations

Branches:
Dungeon (10/15)            Temple (1/1) D:4            Lair (0/5) D:9
    Orc: D:9-12

Altars:
Ashenzari
Cheibriados
Fedhas
Gozag
Hepliaklqana
Kikubaaqudgha
Makhleb
Nemelex Xobeh
Okawaru
Qazlal
Ru
Sif Muna
Trog
Uskayaw
Vehumet
Wu Jian
Xom
Yredelemnul


Innate Abilities, Weirdness & Mutations

You are a hulking beast.
Your limbs bulge with bestial killing power. (Slay +4)
You have very sharp fingernails.
You are partially covered in large bone plates. (SH +4)
You sometimes gain a little power by taking damage.
You are partially covered in sharp spines.


Message History

The killer bee stings you but does no damage.
You feel better. You block the killer bee's attack.
The killer bee stings you but does no damage.
The wyvern is struck by your spines. The wyvern completely misses you.
A yak comes into view.
The killer bee stings you.
You are poisoned.
The killer bee poisons you! The wraith hits you!
* * * LOW HITPOINT WARNING * * *
The killer bee barely misses you. The wyvern bites you.
* * * LOW HITPOINT WARNING * * *
The killer bee stings you!
* * * LOW HITPOINT WARNING * * *
The wraith closely misses you.
A troll comes into view.
The killer bee misses you.
A kobold comes into view.
It is wielding a +0 dagger and quivering poisoned darts.
As you read the scroll labelled YDEJAKL OSMANOO, it crumbles to dust.
You feel strangely unstable.
It was a scroll of teleportation.
You feel sick. The wyvern bites you.
* * * LOW HITPOINT WARNING * * *
The killer bee is struck by your spines.
The killer bee barely misses you.
The killer bee is struck by your spines.
The killer bee misses you. The wyvern bites you.
* * * LOW HITPOINT WARNING * * *
The steam dragon bites you!
* * * LOW HITPOINT WARNING * * *
You focus on the pain.
You feel agile all of a sudden. The steam dragon claws you.
* * * LOW HITPOINT WARNING * * *
The killer bee is struck by your spines.
You kill the killer bee!
The Council accepts your kill. The killer bee misses you.
The wraith is struck by your spines. The wraith closely misses you.
A kobold brigand comes into view.
It is wielding a +0 club and quivering poisoned darts.
The wyvern is struck by your spines. The wyvern bites you!
You die...

########## #........#
#....kyx.##########.
#.....hW............ #.
#....D.............. #..
#................... ...
#..Y.............)..
...########Y..................
#........K...................
#........TK........#########.
#........K#######+##
#.....D...#


You could see 2 yaks, a troll, an unseen horror (invisible), a wraith, a steam
dragon, a wyvern, a kobold brigand, a killer bee and 2 kobolds.

Vanquished Creatures
  Pikel (D:6)
  A deep elf pyromancer (D:7)
  A meliai (shapeshifter) (D:8)
  Jeremiah (D:8)
  A rime drake (D:9)
  An unseen horror (D:9)
  A tengu conjurer (D:8)
  2 trolls
  2 polar bears (D:9)
  Sigmund (D:4)
  7 slime creatures (D:8)
  14 yaks
  3 steam dragons
  2 water moccasins
  4 ice beasts
  4 orc warriors
  2 black bears
  2 sky beasts
  2 ogres (D:4)
  2 wolves (D:9)
  3 centaurs
  2 phantoms
  A lemure (D:6)
  7 kobold brigands
  4 bullfrogs
  8 scorpions
  16 wights
  6 killer bees
  7 howler monkeys
  2 bombardier beetles (D:5)
  9 orc priests
  4 gnoll boudas
  3 hounds
  5 jellies
  A sleepcap (D:6)
  4 iguanas
  12 orc wizards
  6 adders
  34 gnolls
  A white imp (D:8)
  2 ufetubi (D:5)
  A dart slug (D:1)
  A ribbon worm (D:4)
  32 orcs
  10 ball pythons
  8 bats
  7 endoplasms
  2 giant cockroaches
  6 goblins
  14 hobgoblins
  3 jackals (D:1)
  59 kobolds
  4 quokkas
  3 frilled lizards
  6 rats
347 creatures vanquished.

Notes
Turn   | Place    | Note
-------+----------+-------------------------------------------
     0 | D:1      | Destapler the Demonspawn Shapeshifter began the quest for
                  | the Orb.
     0 | D:1      | Reached XP level 1. HP: 15/15 MP: 1/1
   199 | D:1      | Gained mutation: You have sharp fingernails. [demonic
                  | ancestry]
   199 | D:1      | Reached XP level 2. HP: 16/21 MP: 2/2
   557 | D:1      | Reached skill level 2 in Fighting
   568 | D:1      | Gained mutation: You are partially covered in sharp spines.
                  | [demonic ancestry]
   568 | D:1      | Reached XP level 3. HP: 18/27 MP: 3/3
  1158 | D:2      | You fall into a shaft and drop 1 floor!
  1276 | D:3      | Noticed a scorpion
  1311 | D:3      | Killed a scorpion
  1312 | D:3      | Reached skill level 3 in Fighting
  1312 | D:3      | Gained mutation: You sometimes gain a little power by
                  | taking damage. [demonic ancestry]
  1312 | D:3      | Reached XP level 4. HP: 27/35 MP: 4/4
  2063 | D:2      | Reached XP level 5. HP: 41/41 MP: 5/5
  2993 | D:4      | Found a burning altar of Makhleb.
  3073 | D:4      | Noticed an ogre
  3084 | D:4      | Killed an ogre
  3215 | D:4      | Noticed a phantom
  3398 | D:4      | Gained mutation: You are partially covered in large bone
                  | plates. (SH +4) [demonic ancestry]
  3398 | D:4      | Reached XP level 6. HP: 45/47 MP: 6/6
  3493 | D:4      | Reached skill level 5 in Shapeshifting
  3748 | D:4      | Found a staircase to the Ecumenical Temple.
  3749 | D:4      | Noticed Sigmund
  3758 | Temple   | Entered the Ecumenical Temple
  3816 | D:4      | Killed Sigmund
  3817 | D:4      | Reached XP level 7. HP: 34/52 MP: 7/7
  4113 | D:4      | Noticed a +0 dagger
  4114 | D:4      | Found a hide-covered altar of Uskayaw.
  4114 | D:4      | Noticed a +0 dagger
  4244 | D:5      | Entered Level 5 of the Dungeon
  4271 | D:5      | Noticed a water elemental
  4283 | D:5      | Noticed a fire elemental
  4849 | D:5      | Reached XP level 8. HP: 34/60 MP: 8/8
  5067 | D:5      | Reached skill level 4 in Fighting
  5716 | D:5      | Found a stormy altar of Qazlal.
  5719 | D:5      | Noticed an air elemental
  5903 | D:6      | Found a bloodstained altar of Trog.
  5913 | D:6      | Reached skill level 5 in Fighting
  6117 | D:6      | Reached skill level 5 in Unarmed Combat
  6507 | D:6      | Reached skill level 6 in Fighting
  6809 | D:6      | Found a shimmering altar of Xom.
  6838 | D:6      | Found a shimmering altar of Xom.
  6839 | D:6      | Found a shimmering altar of Xom.
  6841 | D:6      | Found a shimmering altar of Xom.
  6942 | D:6      | Gained mutation: You have very sharp fingernails. [demonic
                  | ancestry]
  6942 | D:6      | Reached XP level 9. HP: 65/69 MP: 9/9
  6961 | D:6      | Noticed Pikel
  6978 | D:6      | Killed Pikel
  7508 | D:6      | Reached skill level 1 in Throwing
  7508 | D:6      | Reached skill level 1 in Evocations
  8432 | D:7      | Reached skill level 7 in Fighting
  8550 | D:7      | Noticed a troll
  8558 | D:7      | Reached XP level 10. HP: 49/79 MP: 10/10
  8802 | D:7      | Found a broken altar of Ashenzari.
  9033 | D:7      | Reached skill level 8 in Fighting
  9101 | D:7      | Noticed a deep elf pyromancer
  9122 | D:7      | Killed a deep elf pyromancer
  9123 | D:7      | Reached skill level 9 in Fighting
  9391 | D:8      | Found a shimmering blue altar of Sif Muna.
  9479 | D:8      | Noticed Jeremiah
  9525 | D:8      | Killed Jeremiah
  9627 | D:8      | Reached skill level 10 in Fighting
  9687 | D:8      | HP: 4/85 [yak (12)]
 10004 | D:8      | Found an ornate altar of the Wu Jian Council.
 10013 | D:8      | Became a worshipper of the Wu Jian Council
 10020 | D:8      | Reached XP level 11. HP: 71/92 MP: 11/11
 10082 | D:8      | Found a snail-covered altar of Cheibriados.
 10434 | D:8      | Found an opulent altar of Gozag.
 10903 | D:9      | Reached skill level 11 in Fighting
 10925 | D:9      | Reached * piety under Wu Jian
 10928 | D:9      | HP: 2/93 [polar bear (4)]
 11020 | D:9      | Found a staircase to the Lair.
 11521 | D:9      | Found a sparkling altar of Nemelex Xobeh.
 11712 | D:10     | Entered Level 10 of the Dungeon
 11893 | D:10     | Slain by a wyvern

Illustrated notes

Levels and vault maps discovered:
D:1:      psy_arrival_radial01, layout_basic, minmay_misc_feat_roman,
          minmay_misc_feat_four_crosses
D:2:      layout_loops_ring, chequers_arboretum
D:3:      layout_loops_corners, nicolae_concentric_dashed_squares_wild,
          guppyfry_early_orc_mine
D:4:      layout_basic, kennysheep_mini, dancing_weapons_uskayaw,
          minmay_temple_entry_trees, minmay_ruptured, uniq_sigmund
D:5:      minmay_goblin_kobold_castle, layout_basic,
          nicolae_qazlal_style_of_elements, grunt_decor_cap,
          chequers_serial_rivers_micro_c
D:6:      minmay_razor_zed, layout_loops_corners, mainiacjoe_overflow_catwalk,
          xom_redecorated, uniq_pikel
D:7:      minmay_chambers_of_fours, layout_loops_corners,
          general_overflow_altar, kennysheep_generic_room_10
D:8:      nzn_winding_woodlands_medium [nzn_winding_woodlands_5x5_closed_star,
          nzn_winding_woodlands_5x15_default,
          nzn_winding_woodlands_5x5_perimeter,
          nzn_winding_woodlands_5x5_checkerboard,
          nzn_winding_woodlands_center_triple_pond,
          nzn_winding_woodlands_5x5_default, nzn_winding_woodlands_hourglass,
          nzn_winding_woodlands_5x15_parted, nzn_winding_woodlands_5x5_cross],
          layout_loops_ring, mainiacjoe_overflow_brackets, tgw_sif,
          lemuel_round_altar, chequers_temple_overflow_statue_of_worship,
          uniq_jeremiah
D:9:      layout_irregular_city, nicolae_overflow_hidden_temple,
          hellmonk_lair_entry_icy
D:10:     layout_irregular_city, old_standard_altar,
          nicolae_trove_entry_crossroad
Temple:   nicolae_temple_figure_zero

Skill      XL: |  1  2  3  4  5  6  7  8  9 10 11 |
---------------+----------------------------------+-----
Dodging        | 2 3 |  3.0
Fighting       | 2 3 6 7 10 11 | 11.6
Shapeshifting  | 3 4 6 7 8 |  8.7
Unarmed Combat | 3 6 8 9 |  9.7
Throwing       | 3 |  3.0
Evocations     | 3 |  3.0

Action                     |  1- 3 |  4- 6 |  7- 9 | 10-12 || total
---------------------------+-------+-------+-------+-------++-------
  Melee: Unarmed           |    86 |    98 |   342 |   322 ||   848
         Punch             |       |     1 |    10 |    20 ||    31
  Throw: Dart              |     1 |     2 |     2 |     6 ||    11
Ability: Begin Untransform |       |       |     2 |       ||     2
         Lunge             |       |       |       |    16 ||    16
         Whirlwind         |       |       |       |    46 ||    46
    Use: Scroll            |       |       |     9 |     5 ||    14
         Potion            |       |       |       |     6 ||     6
   Stab: Sleeping          |       |     2 |     1 |       ||     3
 Armour: Animal skin       |    53 |    30 |    47 |       ||   130
         Ring mail         |       |       |    75 |       ||    75
         Robe              |       |       |    42 |     1 ||    43
         Troll leather arm |       |       |       |   238 ||   238
         Skin              |       |       |       |     5 ||     5
  Dodge: Dodged            |    64 |    44 |   132 |   213 ||   453
  Block: Other             |       |     4 |    52 |    55 ||   111
   Form: Beast             |       |       |     2 |       ||     2
